AoeStats
← Comend x comend

African Clearing

506252759Analyzed
4v4 RM · 20d ago on Sep 12, 2026· 62m 4s· 8 players
Game mode
Random Map
Map size
Large (8 player)
Population
200
Speed
Normal
Resources
Standard
Victory
Conquest
Starting age
Dark Age
Ending age
Imperial Age
RankedLock teamsTeams togetherTeam positionsShared explorationLock speedFull tech treeHidden civsTurbo modeCheats
Victory
Defeat
🇦🇷 Gurjaras · Argentina
1422
+15
🇫🇷 Mongols · France
1400
+16
🇵🇪 Inca · Peru
1377
+17
🇵🇪 Franks · Peru
1350
+17
🇨🇦 Mongols · Canada
1461
-20
🇧🇪 Wei · Belgium
1413
-17
🇨🇳 Sicilians · China
1393
-16
🇵🇪 Vietnamese · Peru
1289
-12
León Sin Melena
11:07 Loom
13:31 Feudal Age
15:33 Fletching
17:47 Castle Age
15:44 Double-Bit Axe
16:47 Scale Mail Armor
17:49 Forging
17:26 Champi Runner
18:23 Champi Warrior
21:54 Arson
22:19 Squires
23:19 Town Watch
24:15 Chain Mail Armor
27:15 Wheelbarrow
29:15 Bow Saw
28:47 Horse Collar
30:42 Devotion
32:09 Iron Casting
33:15 Stone Mining
33:16 Gold Mining
36:03 Hand Cart
42:05 Imperial Age
41:24 Treadmill Crane
41:55 Masonry
41:49 Bodkin Arrow
42:18 Ballistics
42:53 Stone Shaft Mining
43:21 Plate Mail Armor
44:52 Gold Shaft Mining
43:56 Elite Kamayuk
45:28 Conscription
44:38 Capped Ram
46:01 Fabric Shields
47:06 Siege Ram
48:58 Blast Furnace
51:13 Hoardings
Coquelicot
13:18 Feudal Age
17:55 Castle Age
20:43 Loom
26:40 Fletching
35:09 Double-Bit Axe
35:32 Horse Collar
37:05 Wheelbarrow
39:29 Hand Cart
42:39 Ballistics
43:16 Bow Saw
43:13 Heavy Plow
44:21 Bodkin Arrow
44:51 Padded Archer Armor
45:21 Bloodlines
46:27 Husbandry
46:35 Thumb Ring
50:45 Imperial Age
49:08 Leather Archer Armor
50:51 Elite Mangudai
51:54 Conscription
51:36 Bracer
52:42 Chemistry
52:30 Parthian Tactics
53:34 Gold Mining
53:35 Stone Mining
aq.gjoel
4:38 Loom
14:18 Feudal Age
18:18 Castle Age
16:34 Double-Bit Axe
19:43 Bow Saw
20:37 Forging
23:46 Wheelbarrow
24:32 Town Watch
34:08 Imperial Age
31:27 Fishing Lines
32:39 Hand Cart
33:13 Gillnets
34:25 Husbandry
35:04 Iron Casting
34:42 Town Patrol
35:37 Conscription
34:38 Cavalier
35:41 Scale Barding Armor
35:45 Gold Mining
37:49 Blast Furnace
37:10 Chain Barding Armor
38:12 Gold Shaft Mining
38:45 Paladin
38:51 Light Cavalry
40:10 Plate Barding Armor
43:23 Fletching
43:34 Padded Archer Armor
44:15 Bodkin Arrow
46:33 Padded Archer Armor
47:07 Elite Throwing Axeman
47:42 Capped Ram
49:57 Scale Mail Armor
49:20 Pikeman
50:01 Squires
50:58 Chain Mail Armor
50:18 Halberdier
51:42 #83
52:46 Plate Mail Armor
[TOX2] A-c-Syno-666
3:54 Loom
11:49 Feudal Age
13:05 Double-Bit Axe
13:53 Forging
17:56 Horse Collar
24:22 Castle Age
23:49 Bloodlines
23:31 Gold Mining
24:20 Scale Barding Armor
25:29 Bow Saw
25:29 Heavy Plow
27:39 Husbandry
30:05 Chain Barding Armor
34:38 Iron Casting
37:41 Gold Shaft Mining
39:37 Stone Mining
42:30 Stone Shaft Mining
41:49 Fletching
46:22 Wheelbarrow
49:16 Imperial Age
47:27 Kshatriyas
50:31 Plate Barding Armor
49:35 Elite Shrivamsha Rider
54:52 Crop Rotation
59:23 Heavy Camel Rider
61:45 Conscription
bruce6633
7:53 Loom
13:22 Feudal Age
14:08 Double-Bit Axe
17:01 Castle Age
15:27 Horse Collar
17:58 Bow Saw
17:50 Heavy Plow
20:58 Wheelbarrow
25:30 Fletching
26:59 Bodkin Arrow
29:41 Hand Cart
31:42 Stone Mining
34:25 Stone Shaft Mining
40:01 Imperial Age
38:31 Padded Archer Armor
40:17 Leather Archer Armor
40:04 Elite Mangudai
41:05 Conscription
41:09 Ballistics
41:49 Chemistry
41:33 Bracer
41:57 Bloodlines
41:47 Husbandry
42:00 Thumb Ring
42:20 Parthian Tactics
44:26 Drill
44:17 Siege Engineers
44:15 Capped Ram
45:43 Siege Ram
Comend x comend
7:38 Loom
10:40 Loom
14:40 Feudal Age
20:10 Castle Age
19:27 Double-Bit Axe
22:17 Wheelbarrow
24:27 Horse Collar
27:20 Heavy Plow
29:23 Bow Saw
29:41 Stone Mining
29:42 Gold Mining
33:34 Imperial Age
32:48 Hand Cart
32:55 Bloodlines
32:46 Husbandry
33:12 Town Watch
33:52 Forging
33:48 Scale Barding Armor
36:03 Stone Shaft Mining
35:27 Elite Battle Elephant
37:38 Iron Casting
37:23 Chain Barding Armor
41:04 Plate Barding Armor
41:09 Town Patrol
50:41 Chatras
52:31 Crop Rotation
55:51 Two-Man Saw
59:39 Light Cavalry
SlyFever
9:15 Loom
12:18 Feudal Age
17:25 Scale Mail Armor
18:04 Forging
18:45 Double-Bit Axe
19:00 Fletching
20:22 Horse Collar
26:59 Wheelbarrow
29:26 Wheelbarrow
28:37 Town Watch
35:25 Gold Mining
35:28 Stone Mining
39:53 Castle Age
41:09 Stone Shaft Mining
41:12 Gold Shaft Mining
43:13 Ballistics
50:14 Chain Mail Armor
50:42 Iron Casting
50:27 Heavy Plow
50:38 Bow Saw
55:18 Imperial Age
53:06 Hand Cart
53:23 Bodkin Arrow
53:28 Padded Archer Armor
53:34 Squires
53:21 Arson
54:21 Pikeman
56:08 Masonry
56:05 Arrowslits
58:06 Chemistry
58:48 Bracer
60:29 Chemistry
60:49 Plate Mail Armor
Griffin
12:13 Loom
14:52 Feudal Age
16:13 Horse Collar
19:11 Castle Age
17:20 Gold Mining
17:58 Double-Bit Axe
18:30 Stone Mining
20:29 Wheelbarrow
21:39 Wheelbarrow
21:22 Bow Saw
21:08 Pikeman
22:01 Scale Barding Armor
22:59 Bloodlines
24:04 Town Watch
24:39 Heavy Plow
28:39 Gold Shaft Mining
29:13 Forging
30:10 Sanctity
30:23 Town Watch
32:05 Husbandry
32:25 Hand Cart
32:42 Husbandry
35:59 Stone Shaft Mining
36:24 Coinage
36:49 Iron Casting
36:22 Tuntian
36:46 Treadmill Crane
37:17 Masonry
37:49 Chain Barding Armor
38:04 Iron Casting
38:58 Town Patrol
43:27 Fletching
46:24 Imperial Age
45:35 Masonry
45:21 Murder Holes
45:28 Bodkin Arrow
45:34 Scale Mail Armor
46:30 Fervor
46:31 Heavy Hei Guang Cavalry
48:55 Crop Rotation
49:08 Ming Guang Armor
49:23 Conscription
49:23 Light Cavalry
51:21 Hoardings
52:18 Blast Furnace
55:02 Hussar
Connection lost

Rejoining the realm…

Still unreachable

The connection could not be restored.

Session expired

The server has moved on; the page needs a fresh start.